 Dungeon Crawl Stone Soup version 0.14-a0-1863-gcc20582 (webtiles) character file.

246 Kae the Insei (level 5, -2/40 HPs)
             Began as a Draconian Transmuter on Jan 13, 2014.
             Killed from afar by an orc wizard (6 damage)
             ... with a magic dart
             ... on Level 3 of the Dungeon.
             The game lasted 00:03:42 (2991 turns).

Kae the Insei (Draconian Transmuter)                Turns: 2991, Time: 00:03:42

HP  -2/40        AC  5     Str 12      XL: 5   Next: 32%
MP   9/9         EV 12     Int 14      God:
Gold 67          SH  0     Dex 12      Spells:  1 memorised,  7 levels left

rFire  . . .     SeeInvis .       - Unarmed
rCold  . . .     Clarity  .     (armour unavailable)
rNeg   . . .     Conserve .     (no shield)
rPois  .         rCorr    .     (helmet restricted)
rElec  .         rRot     .     (no cloak)
SustAb . .       Spirit   .     (no gloves)
rMut   .         Warding  .     (no boots)
Saprov . . .     Stasis   .     (no amulet)
MR     .....                    (no ring)
                                (no ring)

@: not resistant to hostile enchantments, unstealthy
A: unfitting armour, AC +5
a: no special abilities


You were on level 3 of the Dungeon.
You were near starving.

You visited 1 branch of the dungeon, and saw 3 of its levels.

You collected 67 gold pieces.

Inventory:

Missiles
 b - 30 arrows
Magical devices
 o - a wand of frost (0)
Comestibles
 a - 2 bread rations
 g - a meat ration
 h - a pear
 j - a rambutan
 l - a sausage
 n - a choko
 u - a chunk of giant newt flesh
Scrolls
 c - 3 scrolls of identify
 k - a scroll of teleportation
 m - 2 scrolls of magic mapping {unknown}
 r - a scroll of enchant weapon II {unknown}
 s - a scroll of remove curse {unknown}
Jewellery
 t - an uncursed ring of ice {unknown}
Potions
 e - a potion of porridge
 f - 2 potions of curing
 i - a potion of brilliance {unknown}
 p - a potion of might {unknown}
 q - a potion of poison {unknown}
Books
 d - a book of Changes

   Spells                             Type                      Level
   *Beastly Appendage                 Transmutation                1
   Sticks to Snakes                   Transmutation                2
   Spider Form                        Transmutation/Poison         3
   Ice Form                           Ice/Transmutation            4
   Blade Hands                        Transmutation                5


   Skills:
 - Level 1.1 Fighting
 - Level 1.7 Dodging
 + Level 6.1 Unarmed Combat
 - Level 2.0 Spellcasting
 - Level 2.0 Transmutations


You had 7 spell levels left.
You knew the following spells:

 Your Spells              Type           Power        Failure   Level  Hunger
a - Beastly Appendage     Trmt           #.....       12%         1    ##.....


Dungeon Overview and Level Annotations

Branches:
Dungeon (3/16)

Altars:


Message History

* * * LOW HITPOINT WARNING * * *
The orc wizard shouts!
You closely miss the orc wizard.
The orc wizard mumbles some strange words.
The orc wizard seems to speed up.
You closely miss the orc wizard. The orc wizard misses you.
The gnoll hits you from afar with a halberd.
The orc wizard gestures at you while chanting.
The magic dart hits you!
* * * LOW HITPOINT WARNING * * *
The orc wizard mumbles some strange words.
The orc wizard blinks!
Things that are here:
an uncursed orcish dagger; 6 gold pieces; an orc corpse The orc wizard casts a spell at you.
The magic dart hits you!
* * * LOW HITPOINT WARNING * * *
The orc wizard points at you and mumbles some strange words.
The magic dart hits you!
You die...

#.#........#....##PP♣PP..# #.#
'####+.#..#.##..♣♣...### . ##)#
....#.#.##.###.P....... ≈..≈.#.#
##.#.#.##...#......... ..≈#≈#.#
#.##.#.#....♣.♣......... ≈..≈.#.#
#....#.#.##...#.........
#≈...#g#.'####).#.#♣#♣.♣.♣.......
≈..≈.#.#.....)..#..g.g...........
..≈#≈..'########@.o♣#♣.♣.♣..#....
≈.(≈...............#.g.#.........
#≈............######.♣.♣.........
≈.##..#######.# #...########## .
#..#######.# ##.## #####
#....)...#.#######.# #....
#...####....g.gg...# ##.... #...#
###.##############..... #...#
...# #................


You could see an orc wizard and 3 gnolls.

Vanquished Creatures
  A worker ant (D:3)
  Ijyb (D:2)
  5 adders
  A worm (D:2)
  2 giant geckos
  An ooze (D:1)
  7 orcs (D:3)
  2 ball pythons (D:2)
  5 bats
  8 giant cockroaches
  9 hobgoblins
  5 jackals (D:1)
  5 kobolds
  A giant newt (D:3)
  9 goblins
  2 quokkas (D:2)
  7 rats
71 creatures vanquished.

Notes
Turn   | Place    | Note
--------------------------------------------------------------
     0 | D:1      | Kae, the Draconian Transmuter, began the quest for the Orb.
     0 | D:1      | Reached XP level 1. HP: 16/16 MP: 3/3
   262 | D:1      | Reached XP level 2. HP: 23/23 MP: 4/4
   676 | D:1      | Reached skill level 4 in Unarmed Combat
   862 | D:1      | Reached XP level 3. HP: 23/28 MP: 6/6
  1438 | D:2      | Noticed Ijyb
  1456 | D:2      | Killed Ijyb
  1456 | D:2      | Reached skill level 5 in Unarmed Combat
  1456 | D:2      | Reached XP level 4. HP: 15/35 MP: 7/7
  2249 | D:3      | Reached XP level 5. HP: 27/40 MP: 9/9
  2699 | D:3      | Reached skill level 6 in Unarmed Combat
  2991 | D:3      | Killed from afar by an orc wizard

Action                   |  1- 3 |  4- 6 || total
-------------------------+-------+-------++-------
Melee: Unarmed           |   167 |   143 ||   310
 Cast: Beastly Appendage |     7 |    10 ||    17
  Use: Scroll            |       |     2 ||     2
